AoeStats
← chpstkx

Baltic

510362176Analyzed
2v2 RM · 2d ago on Sep 30, 2026· 39m 39s· 4 players
Game mode
Random Map
Map size
Medium (4 player)
Population
200
Speed
Normal
Resources
Standard
Victory
Conquest
Starting age
Dark Age
Ending age
Imperial Age
RankedLock teamsTeams togetherTeam positionsShared explorationLock speedFull tech treeHidden civsTurbo modeCheats
Victory
Defeat
1263
+17
🇱🇹 Wu · Lithuania
1253
+17
🇬🇧 Sicilians · United Kingdom
1303
-18
🇬🇧 Georgians · United Kingdom
1254
-16
Erranth
2:34 Loom
11:27 Feudal Age
12:36 Fletching
15:23 Double-Bit Axe
15:44 Man-at-Arms
18:05 Fishing Lines
23:35 Castle Age
22:38 Horse Collar
23:38 Forging
30:52 Gillnets
32:08 Iron Casting
32:30 Husbandry
34:32 Wheelbarrow
35:29 Bodkin Arrow
35:32 Crossbowman
36:42 Ballistics
Csángó The Hánsz -HUN-
1:46 Loom
12:16 Feudal Age
13:15 Double-Bit Axe
20:14 Stone Mining
23:39 Man-at-Arms
31:52 Long Swordsman
33:08 Pikeman
37:45 Arson
Binny Bong Baron
8:16 Loom
31:01 Feudal Age
37:09 Castle Age
35:14 Scale Mail Armor
38:01 Horse Collar
38:10 Double-Bit Axe
chpstkx
6:00 Loom
25:08 Feudal Age
26:11 Double-Bit Axe
30:20 Castle Age
28:19 Stone Mining
29:20 Scale Mail Armor
29:30 Forging
30:37 Pikeman
31:20 Squires
35:57 Arson
38:58 Fletching
Connection lost

Rejoining the realm…

Still unreachable

The connection could not be restored.

Session expired

The server has moved on; the page needs a fresh start.